 Dungeon Crawl Stone Soup version 0.25-a0-365-g7600c65aa0 (webtiles) character file.

Game seed: 10441666447077906453, levelgen mode: deterministic

49 ANON1729 the Skirmisher (level 3, 0/30 HPs)
             Began as a Barachi Monk on Jan 5, 2020.
             Slain by a gnoll
             ... wielding a +0 whip
              (4 damage)
             ... on level 6 of the Dungeon.
             The game lasted 00:02:10 (2103 turns).

ANON1729 the Skirmisher (Barachi Monk)              Turns: 2103, Time: 00:02:10

Health: 0/30       AC:  2    Str: 12    XL:     3   Next: 75%
Magic:  3/3        EV: 14    Int: 10    God:
Gold:   45         SH:  0    Dex: 15    Spells: 2/2 levels left

rFire    . . .     SeeInvis .   a - +0 falchion
rCold    . . .     Gourm    .   (no shield)
rNeg     . . .     Faith    .   g - +0 robe (curse)
rPois    .         Spirit   .   (no helmet)
rElec    .         Reflect  .   j - scarf {repulsion}
rCorr    .         Harm     .   (no gloves)
MR       ++...                  (no boots)
Stlth    ++........             (no amulet)
HPRegen  0.10/turn              d - ring of protection from magic
MPRegen  0.08/turn              f - ring of protection from magic

@: repel missiles, slow
A: +LOS, swims, slowness 1, strong legs 1
a: Hop


You were on level 6 of the Dungeon.
You were not hungry.

You visited 1 branch of the dungeon, and saw 4 of its levels.

You collected 45 gold pieces.

Inventory:

Hand Weapons
 a - a +0 falchion (weapon)
Armour
 g - a cursed +0 robe (worn)
 j - a scarf of repulsion (worn)
Jewellery
 d - a ring of protection from magic (left hand)
 f - a ring of protection from magic (right hand)
 m - a +3 ring of strength {unknown}
Scrolls
 i - 2 scrolls of magic mapping {unknown}
 k - a scroll of enchant armour {unknown}
Potions
 b - a potion of lignification {unknown}
 e - a potion of flight {unknown}
 h - a potion of curing {unknown}
Comestibles
 c - 3 rations


   Skills:
 + Level 4.2 Fighting
 + Level 4.1 Long Blades
 + Level 3.8 Dodging
 + Level 2.4 Stealth


You had 2 spell levels left.
You didn't know any spells.
Your spell library was empty.

Dungeon Overview and Level Annotations

Branches:
Dungeon (3/15)

Altars:
Wu Jian
The Shining One

Annotations:
D:2 1 runed translucent door, Crazy Yiuf


Innate Abilities, Weirdness & Mutations

You can be seen from farther away. (+LOS)
You can swim through water.
You cover ground slowly.
You can hop short distances.


Message History

You barely miss the gnoll. The gnoll closely misses you.
The gnoll hits you with a +2 spear of distortion.
Space warps horribly around you!
You hit the gnoll.
The gnoll is lightly wounded.
The gnoll barely misses you. The gnoll completely misses you.
You hit the gnoll.
The gnoll is lightly wounded.
The gnoll closely misses you. x2
You hit the gnoll but do no damage.
The gnoll is lightly wounded.
The gnoll closely misses you. x2; The gnoll misses you.
The gnoll barely misses you. The gnoll misses you.
The gnoll hits you with a +0 halberd.
Found a scroll labeled CURUCLO LANO.
The gnoll misses you.
The gnoll hits you from afar with a +0 halberd!
* * * LOW HITPOINT WARNING * * *
The gnoll hits you with a +0 whip.
You die...

##########
.........#
.........#
.......gg#####
.......g.@..?#
..(....J?###......
.........# ####
#####..### ###


You could see a jelly and 3 gnolls.

Vanquished Creatures
  2 adders
  A dart slug (D:1)
  A leopard gecko (D:2)
  A giant cockroach (D:1)
  3 goblins
  4 hobgoblins
  2 ball pythons
  3 bats
  3 frilled lizards
  2 kobolds (D:1)
  8 rats
30 creatures vanquished.

Notes
Turn   | Place    | Note
-------+----------+-------------------------------------------
     0 | D:1      | ANON1729 the Barachi Monk began the quest for the Orb.
     0 | D:1      | Reached XP level 1. HP: 18/18 MP: 1/1
   280 | D:1      | Reached XP level 2. HP: 19/25 MP: 2/2
  1090 | D:2      | Found an ornate altar of the Wu Jian Council.
  1090 | D:2      | Found a glowing golden altar of the Shining One.
  1223 | D:2      | Found a runed translucent door.
  1224 | D:2      | Noticed Crazy Yiuf
  1339 | D:2      | Reached XP level 3. HP: 30/30 MP: 3/3
  2096 | D:3      | You fall into a shaft and drop 3 floors!
  2103 | D:6      | Slain by a gnoll

Levels and vault maps discovered:
D:1:      onia_arrival_pentagram, layout_basic, minmay_heptomino_o4
D:2:      wad_lake_hut, layout_basic,
          chequers_temple_overflow_statue_of_worship, uniq_crazy_yiuf_cottage
D:3:      layout_basic
D:6:      layout_rooms, trog_wizard

Skill      XL: |  1  2 |
---------------+-------+-----
Stealth        | 2 |  2.4
Fighting       | 4 |  4.2
Long Blades    | 4 |  4.1
Dodging        | |  3.8

Action                   || total
-------------------------++-------
Melee: Falchion          ||    80
 Stab: Sleeping          ||     5
  Eat: Chunk             ||     5
Armor: Robe              ||    12
Dodge: Dodged            ||    81
       Deflected         ||     1
       Rpst.: Falchion   ||    19

Table legend:
 A = Non-vault XP
 B = Vault XP
 C = Vault XP percentage of total XP
 D = Non-vault monster count
 E = Vault monster count
 F = Vault count percentage of total count
                 A         B        C        D         E       F
            +---------+---------+-------+---------+---------+-------
      Total |      64 |       6 |   8.6 |      26 |       4 |  13.3
            +---------+---------+-------+---------+---------+-------
        D:1 |      15 |       6 |  28.6 |       9 |       4 |  30.8
        D:2 |      29 |       0 |   0.0 |      12 |       0 |   0.0
        D:3 |      20 |       0 |   0.0 |       5 |       0 |   0.0
            +---------+---------+-------+---------+---------+-------
